 Dungeon Crawl Stone Soup version 0.19-a0-305-g4c536b9 (webtiles) character file.

678 FitzyFitz the Chopper (level 7, -1/52 HPs)
             Began as a Demonspawn Warper on May 27, 2016.
             Slain by a sky beast (5 damage)
             ... on level 7 of the Dungeon.
             The game lasted 00:20:07 (5624 turns).

FitzyFitz the Chopper (Demonspawn Warper)           Turns: 5624, Time: 00:20:08

Health: -1/52      AC:  6    Str: 16    XL:     7   Next: 34%
Magic:  0/10       EV: 11    Int: 16    God:
Gold:   222        SH:  2    Dex: 12    Spells: 4 memorised, 2 levels left

rFire  . . .     SeeInvis +     a - +0 broad axe
rCold  . . .     Gourm    .     j - +0 leather armour
rNeg   . . .     Faith    .     (no shield)
rPois  .         Spirit   +     t - +0 helmet
rElec  .         Dismiss  .     (no cloak)
rCorr  .         Reflect  +     (no gloves)
SustAt .         Harm     .     (no boots)
MR     .....                    B - +2 amulet of reflection
Stlth  +.........               p - +4 ring of strength
                                n - ring of see invisible

@: not resistant to hostile enchantments, very unstealthy
A: yellow scales 1, magic shield
a: no special abilities


You were on level 7 of the Dungeon.
You were not hungry.

You visited 1 branch of the dungeon, and saw 7 of its levels.

You collected 222 gold pieces.

Inventory:

Hand Weapons
 a - a +0 broad axe (weapon)
 b - a +0 hunting sling
 w - a +2 mace of crushing
 y - a +1 dagger of distortion
Missiles
 e - 4 tomahawks of dispersal (quivered)
 i - 150 stones
 m - 14 tomahawks
 q - 3 silver tomahawks
 A - 9 sling bullets
Armour
 j - a +0 leather armour (worn)
 t - a +0 helmet (worn)
Magical Staves
 x - an uncursed staff of earth
Jewellery
 n - a ring of see invisible (left hand)
 p - a +4 ring of strength (right hand)
 B - a +2 amulet of reflection (around neck)
 C - an uncursed ring of protection from fire
Scrolls
 d - 2 scrolls of blinking
 l - 3 scrolls of recharging {unknown}
 s - a scroll of fear {unknown}
 u - 3 scrolls of random uselessness {unknown}
 v - a scroll of remove curse
 E - a scroll of amnesia {unknown}
Potions
 z - a potion of agility {unknown}
 D - a potion of mutation
Books
 c - a book of Spatial Translocations

   Spells                             Type                      Level
   a - Apportation                    Translocation                1
   b - Blink                          Translocation                2
   c - Shroud of Golubria             Charms/Translocation         2
   d - Portal Projectile              Translocation                3
   e - Teleport Other                 Translocation                3
   f - Passage of Golubria            Translocation                4
Comestibles
 f - 3 bread rations
 g - 2 fruits
 k - 4 meat rations


   Skills:
 - Level 3.1 Fighting
 + Level 5.4 Axes
 - Level 2.0(2.1) Slings
 - Level 0.8(1.5) Throwing
 - Level 0.8 Armour
 - Level 1.7 Dodging
 - Level 1.5 Stealth
 - Level 2.0 Spellcasting
 - Level 4.4 Translocations


You had 2 spell levels left.
You knew the following spells:

 Your Spells              Type           Power        Failure   Level  Hunger
a - Apportation           Tloc           ###.......   6%          1    #......
b - Blink                 Tloc           N/A          10%         2    ###....
c - Shroud of Golubria    Chrm/Tloc      #.........   17%         2    ###....
d - Portal Projectile     Tloc           ###...       14%         3    ###....


Dungeon Overview and Level Annotations

Branches:
Dungeon (6/15)
 Temple: D:4-7

Altars:
Ashenzari
Nemelex Xobeh
Pakellas
Qazlal
Ru
Sif Muna
Trog
The Shining One

Shops:
D:4 *

Annotations:
D:3 Grinder
D:5 Pikel


Innate Abilities, Weirdness & Mutations

You are partially covered in yellow scales. (AC +2)
When hurt, damage is shared between your health and your magic reserves.


Message History

You barely miss the sky beast.
The sky beast is heavily wounded.
The sky beast hits you.
* * * LOW HITPOINT WARNING * * *
The sky beast shocks you.
* * * LOW HITPOINT WARNING * * *
You miss the sky beast.
The sky beast is heavily wounded.
The sky beast hits you.
* * * LOW HITPOINT WARNING * * *
The sky beast shocks you.
* * * LOW HITPOINT WARNING * * *
The sky beast hits you but does no damage.
You hit the sky beast.
The sky beast is severely wounded.
The sky beast flickers out of sight for a moment.
The sky beast hits you.
* * * LOW HITPOINT WARNING * * *
The sky beast shocks you.
You die...

#..P........
#.##.#..#
###.##....#
#.......≈#
#........#
#......#.# .
###.####.#
.≈≈ #..# #Y#
..P≈.####.##
#@#
#P≈.....).#
#...#
#.P♣#######
..### ####


You could see a sky beast (invisible).

Vanquished Creatures
  Menkaure (D:5)
  A slave (D:4)
  An ogre (D:7)
  3 crimson imps (D:5)
  An orc priest (D:4)
  A giant frog zombie (D:7)
  An orc wizard (D:4)
  Ijyb (D:2)
  Natasha (D:4)
  A hound zombie (D:5)
  5 gnolls
  5 adders
  2 oozes
  3 adder skeletons
  A worm (D:3)
  3 dart slugs
  3 giant geckos
  21 orcs
  3 giant cockroaches
  8 goblins
  4 hobgoblins
  9 kobolds
  A quokka (D:4)
  2 ball pythons
  3 bats (D:2)
  A giant gecko skeleton (D:5)
  5 giant newts
  11 rats
102 creatures vanquished.

Notes
Turn   | Place    | Note
--------------------------------------------------------------
     0 | D:1      | FitzyFitz the Demonspawn Warper began the quest for the Orb.
     0 | D:1      | Reached XP level 1. HP: 16/16 MP: 3/3
   231 | D:1      | Gained mutation: When hurt, damage is shared between your health and your magic reserves. [demonic ancestry]
   231 | D:1      | Reached XP level 2. HP: 22/22 MP: 5/5
   235 | D:1      | Learned a level 2 spell: Blink
   563 | D:2      | Found a glowing golden altar of the Shining One.
   575 | D:2      | Noticed Ijyb
   991 | D:2      | Killed Ijyb
   991 | D:2      | Reached skill level 1 in Slings
   991 | D:2      | Reached XP level 3. HP: 19/27 MP: 4/6
  1380 | D:2      | Reached XP level 4. HP: 28/33 MP: 7/7
  1718 | D:2      | Learned a level 3 spell: Portal Projectile
  1832 | D:3      | Found a shattered altar of Ashenzari.
  2092 | D:3      | Reached skill level 2 in Axes
  2092 | D:3      | Reached XP level 5. HP: 36/38 MP: 6/8
  2118 | D:3      | Found an oddly glowing altar of Pakellas.
  2135 | D:3      | Found a bloodstained altar of Trog.
  2140 | D:3      | Found a sparkling altar of Nemelex Xobeh.
  2141 | D:3      | Found a stormy altar of Qazlal.
  2251 | D:3      | Reached skill level 1 in Stealth
  2551 | D:3      | Noticed Grinder
  2670 | D:3      | Found a sacrificial altar of Ru.
  2901 | D:3      | Learned a level 2 spell: Shroud of Golubria
  3306 | D:4      | Noticed Natasha
  3314 | D:4      | Killed Natasha
  3445 | D:4      | Found Aplit's Serpentskin Sales.
  3659 | D:4      | Reached XP level 6. HP: 41/47 MP: 7/9
  3920 | D:4      | Reached skill level 3 in Axes
  4238 | D:5      | Entered Level 5 of the Dungeon
  4355 | D:5      | Noticed Pikel
  4355 | D:5      | Noticed a slave
  4355 | D:5      | Noticed a slave
  4355 | D:5      | Noticed a slave
  4356 | D:5      | Noticed a slave
  4403 | D:4      | Killed a slave
  4933 | D:5      | Reached skill level 4 in Axes
  5115 | D:5      | Noticed Menkaure
  5150 | D:5      | Killed Menkaure
  5150 | D:5      | Gained mutation: You are partially covered in yellow scales. (AC +2) [demonic ancestry]
  5150 | D:5      | Reached XP level 7. HP: 16/52 MP: 0/10
  5397 | D:5      | Found a deep blue altar of Sif Muna.
  5474 | D:5      | You fall through a shaft for 2 floors!
  5493 | D:7      | Reached skill level 5 in Axes
  5624 | D:7      | Slain by a sky beast

Vault maps used:
D:1:      dpeg_arrival_snail
D:2:      tso_oasis_becter, st_stairs_11, uniq_iyjb
D:3:      nicolae_ru_sacrificial_ziggurat, minitemple,
          nicolae_overflow_crystal_walls, uniq_grinder
D:4:      first_bread, guppyfry_shop_venom, uniq_natasha
D:5:      led_sif_book, wad_rectangle_vault, uniq_menkaure, uniq_pikel,
          uniq_sigmund, uniq_duvessa
D:6:      grunt_temple_overflow_order_and_chaos_1,
          nicolae_overflow_hidden_temple, minmay_temple_entry_statues_pillars
D:7:      grunt_gozag_statues, serial_bayou, serial_bayou_lagoon_b,
          serial_bayou_pond_a, serial_bayou_pond_b, serial_bayou_ford_a,
          serial_bayou_pond_e, serial_bayou_pond_e, serial_shops, shop

Skill      XL: |  1  2  3  4  5  6  7 |
---------------+----------------------+-----
Translocations | 3 4 |  4.4
Slings         | 1 2 |  2.0
Axes           | 2 4 5 |  5.4
Stealth        | 1 |  1.5
Fighting       | 3 |  3.1
Throwing       | |  0.8
Armour         | |  0.8
Dodging        | |  1.7
Spellcasting   | |  2.0

Action                   |  1- 3 |  4- 6 |  7- 9 || total
-------------------------+-------+-------+-------++-------
Melee: Hand axe          |    26 |   123 |       ||   149
       Mace              |       |     5 |       ||     5
       War axe           |       |    86 |       ||    86
       Broad axe         |       |       |    30 ||    30
 Fire: Hunting sling     |   112 |   122 |     5 ||   239
Throw: Tomahawk          |       |     2 |       ||     2
 Cast: Shroud of Golubri |       |     2 |       ||     2
       Blink             |       |     1 |       ||     1
  Use: Scroll            |     3 |     2 |       ||     5
       Potion            |       |     3 |       ||     3
 Stab: Sleeping          |       |     1 |       ||     1
  Eat: Chunk             |     1 |    10 |       ||    11
       Beef jerky        |       |     1 |       ||     1
       Meat ration       |       |       |     1 ||     1
Armor: Leather armour    |    26 |    57 |    13 ||    96
Dodge: Dodged            |    52 |   146 |    18 ||   216
Block: Other             |       |     6 |     2 ||     8
